 Dungeon Crawl Stone Soup version 0.30-a0-29-g142975f185 (webtiles) character file.

Game seed: 8600244427300336052

4339 ytrimaz the Martial Artist (level 10, -2/132 (135) HPs)
             Began as an Octopode Transmuter on Aug 27, 2022.
             Was a Follower of Ashenzari.
             Slain by Erica
             ... wielding a +2 scimitar of flaming
              (10 damage)
             ... on level 8 of the Dungeon.
             The game lasted 00:14:44 (10732 turns).

ytrimaz the Martial Artist (Octopode Transmuter)   Turns: 10732, Time: 00:14:45

HP:   -2/132 (135)  AC: 29    Str:  9    XL:     10   Next: 33%
MP:   19/22         EV:  2    Int: 21    God:    Ashenzari [*.....]
Gold: 437           SH:  0    Dex: 12    Spells: 17/26 levels left

rFire   . . .      SeeInvis +      - Unarmed
rCold   . . .      Faith    .    (no shield)
rNeg    + . .      Spirit   .    (helmet currently unavailable)
rPois   +          Reflect  .    (no amulet)
rElec   .          Harm     .    e - ring of Ashenzari's Omen {AC+4, Self, Elem} (curse)
rCorr   .          Rampage  .    c - ring of see invisible
Will    .....      NoTele   +    k - ring "Soothsayer of Ashenzari" {Wiz, Alch, Melee} (curse)
Stlth   ..........               q - ring "Cosmic Seer" {rN+, Elem, Self} (curse)
HPRegen 0.32/turn                (no ring)
MPRegen 0.18/turn                (no ring)
                                 (no ring)
                                 (no ring)

@: berserking, lethally poisoned (-2 -> -11), tree-form, slowed, lightly drained
A: stationary, stasis, torment immunity, boosted hp, almost no armour,
(amphibious), 8 rings, (camouflage 1), (gelatinous body 1), (nimble swimmer 1),
(tentacles)
a: Renounce Religion, Shatter the Chains


You were on level 8 of the Dungeon.
You worshipped Ashenzari.
Ashenzari was aware of your devotion.
You were a tree.
You visited 2 branches of the dungeon, and saw 9 of its levels.
You also visited: Sewer.

You collected 437 gold pieces.

Inventory:

Jewellery
 c - a ring of see invisible (right branch)
 e - the cursed ring of Ashenzari's Omen (left branch) {AC+4, Self, Elem}
   (You found it on level 1 of the Dungeon)

   [ring of protection]

   AC:        It affects your AC (+4).
   It has a curse which improves the following skills: Introspection: Fighting
   and Spellcasting.
   Elements:  Fire Magic, Ice Magic, Air Magic and Earth Magic.
 k - the cursed ring "Soothsayer of Ashenzari" (on tentacle) {Wiz, Alch, Melee}
   (You found it on level 4 of the Dungeon)

   [ring of wizardry]

   It improves your spell success rate.
   It has a curse which improves the following skills: Alchemy: Poison Magic and
   Transmutations.
   Melee Combat: Short Blades, Long Blades, Axes, Maces & Flails, Polearms,
   Staves and Unarmed Combat.
 q - the cursed ring "Cosmic Seer" (on tentacle) {rN+, Elem, Self}
   (You found it on level 7 of the Dungeon)

   [ring of positive energy]

   rN:        It protects you from negative energy.
   It has a curse which improves the following skills: Elements: Fire Magic, Ice
   Magic, Air Magic and Earth Magic.
   Introspection: Fighting and Spellcasting.
Wands
 g - a wand of iceblast (11)
 j - a wand of polymorph (2)
Scrolls
 i - 2 scrolls of teleportation
 m - 2 scrolls of amnesia
 o - a scroll of torment
 p - 2 scrolls of noise
 r - a scroll of magic mapping
 s - a scroll of enchant weapon
Potions
 b - 2 potions of brilliance
 d - a potion of cancellation
 h - 4 potions of mutation
 l - 7 potions of flight
 t - a potion of invisibility
 u - a potion of resistance


   Skills:
 + Level 1.0(1.8) Fighting
 - Level 2.0 Dodging
 * Level 10.3(11.2) Unarmed Combat
 - Level 7.2(8.5) Spellcasting
 - Level 7.4(8.3) Transmutations
 - Level 4.0(4.8) Poison Magic


You had 17 spell levels left.
You knew the following spells:

 Your Spells              Type           Power      Damage    Failure   Level
a - Spider Form           Tmut/Pois      36%        N/A       1%          3
b - Wereblood             Tmut           44%        N/A       1%          2
c - Ice Form              Ice/Tmut       26%        N/A       5%          4

Your spell library contained the following spells:

 Spells                   Type           Power      Damage    Failure   Level
 Beastly Appendage        Tmut           88%        N/A       1%          1
 Ignite Poison            Fire/Tmut/Pois 27%        N/A       1%          3
 Scorch                   Fire           18%        2d5       4%          2
 Mephitic Cloud           Conj/Pois/Air  15%        N/A       4%          3
 Frozen Ramparts          Ice            18%        1d3       9%          3
 Animate Dead             Necr           8%         N/A       28%         4
 Flame Wave               Conj/Fire      9%         2d6       28%         4
 Passage of Golubria      Tloc           8%         N/A       28%         4
 Summon Ice Beast         Ice/Summ       9%         N/A       28%         4
 Freezing Cloud           Conj/Ice/Air   4%         6-21      58%         5
 Silence                  Hex/Air        4%         N/A       58%         5
 Iskenderun's Battlesphe  Conj           8%         2d6       61%         5
 Summon Mana Viper        Hex/Summ       8%         N/A       61%         5
 Iron Shot                Conj/Erth      4%         9d2       98%         6
 Summon Cactus Giant      Summ           4%         N/A       98%         6
 Haunt                    Necr/Summ      4%         N/A       100%        7
 Monstrous Menagerie      Summ           4%         N/A       100%        7
 Spellforged Servitor     Conj/Summ      4%         N/A       100%        7
 Infestation              Necr           4%         N/A       100%        8
 Lehudib's Crystal Spear  Conj/Erth      4%         10d3      100%        8


Dungeon Overview and Level Annotations

Branches:
Dungeon (8/15)             Temple (1/1) D:5           Sewer (visited)
   Lair: D:8-11

Altars:
Ashenzari
Cheibriados
Dithmenos
Elyvilon
Fedhas
Hepliaklqana
Makhleb
Nemelex Xobeh
Okawaru
Qazlal
Ru
Trog
Wu Jian
Xom
Yredelemnul
Zin
The Shining One

Shops:
D:7 [*[

Annotations:
D:8 exclusion: boulder beetle, Erica


Innate Abilities, Weirdness & Mutations

You are a tree.
Your roots penetrate the ground, keeping you stationary.
You cannot be teleported.
You are immune to unholy pain and torment.
Your maximum health is greatly increased.
You cannot wear most types of armour.
((You are amphibious.))
You can wear up to eight rings at the same time.
((Your skin changes colour to match your surroundings (Stealth+).))
((Your rubbery body absorbs attacks. (AC +1, EV +1)))
((You are camouflaged when in or above water. (Stealth+)))
((You have tentacles for arms and can constrict up to eight enemies at once.))


Message History

Erica melts you.
You hit Erica but do no damage.
Erica is moderately wounded.
You feel very sick.
Erica hits you with a +2 scimitar of flaming!
Erica melts you.
You punch Erica! You freeze Erica.
Erica is heavily wounded.
You feel sick. Erica hits you but does no damage.
Unknown command.
You feel sick.
Erica hits you with a +2 scimitar of flaming.
Erica melts you.
* * * LOW HITPOINT WARNING * * *
Erica casts a spell at you. The bolt of poison hits you.
You are lethally poisoned!
You resist.
* * * LOW HITPOINT WARNING * * *
Really quaff the potion of lignification?
You warm up again.
You turn into a tree.
Your roots penetrate the ground.
* * * LOW HITPOINT WARNING * * *
You feel extremely sick. Erica hits you but does no damage.
A red film seems to cover your vision as you go berserk!
You feel yourself moving faster!
You feel mighty!
You feel very sick.
Erica hits you with a +2 scimitar of flaming.
* * * LOW HITPOINT WARNING * * *
Erica burns you.
* * * LOW HITPOINT WARNING * * *
Erica casts a spell at you.
You feel as though you will be slow longer.
You smack Erica!
Erica is heavily wounded.
* * * LOW HITPOINT WARNING * * *
You feel sick.
Erica hits you with a +2 scimitar of flaming!
You die...

.# .# .# .###### ###
......##########.##
................#.##
###..............#.#
###...########...@##
.....## #.#♣##
####.# #.#.# #.#
######.#.# #.#
#.)))).#.# ##.##
#.######.#
##...###.# #.#
#.....##.# #.#
#..###..#.## #.# ...
#.....# #.#


You could see Erica.

Vanquished Creatures
  An ugly thing (D:7)
  A manticore (D:7)
  3 yaks (D:8)
  A steam dragon (D:7)
  A water moccasin (D:7)
  2 ice beasts
  A sky beast (D:7)
  3 orc warriors (D:7)
  3 ogres
  2 centaurs (D:7)
  3 kobold brigands
  3 phantoms
  A bullfrog (D:6)
  4 scorpions
  A necrophage (D:6)
  A wight (D:7)
  A jelly (D:7)
  A howler monkey (D:7)
  2 gnoll boudas
  3 hounds
  Jessica (D:3)
  Terence (D:2)
  Natasha (thrice) (D:3)
  5 iguanas
  9 orc wizards
  6 gnolls
  5 river rats
  13 adders
  2 shadow imps (D:6)
  3 white imps
  4 worms (Sewer)
  24 orcs
  14 ball pythons
  4 endoplasms
  3 giant cockroaches
  10 goblins
  9 hobgoblins
  7 jackals
  27 kobolds
  12 quokkas
  10 bats
  5 frilled lizards
  21 rats
236 creatures vanquished.

Vanquished Creatures (others)
  Ijyb (D:3)
1 creature vanquished.

Grand Total: 237 creatures vanquished

Notes
Turn   | Place    | Note
-------+----------+-------------------------------------------
     0 | D:1      | ytrimaz the Octopode Transmuter began the quest for the
                  | Orb.
     0 | D:1      | Reached XP level 1. HP: 13/13 MP: 3/3
   143 | D:1      | Reached XP level 2. HP: 9/18 MP: 1/5
   372 | D:1      | Found a faded altar of an unknown god.
   979 | D:2      | Reached XP level 3. HP: 23/23 MP: 4/6
   982 | D:2      | Learned a level 2 spell: Wereblood
   986 | D:2      | Learned a level 3 spell: Spider Form
  1446 | D:2      | Noticed Terence
  1459 | D:2      | Killed Terence
  1460 | D:2      | Reached skill level 4 in Unarmed Combat
  1460 | D:2      | Reached XP level 4. HP: 24/28 MP: 4/8
  2159 | D:3      | Reached XP level 5. HP: 23/33 MP: 9/9
  2473 | D:3      | Noticed Jessica
  2484 | D:3      | Killed Jessica
  2661 | D:3      | Noticed Ijyb
  2672 | D:3      | Killed Ijyb
  2886 | D:3      | Reached skill level 5 in Unarmed Combat
  2891 | D:3      | Noticed Natasha
  2897 | D:3      | Killed Natasha
  2898 | D:3      | Reached XP level 6. HP: 38/38 MP: 5/10
  3079 | D:3      | Noticed Natasha
  3089 | D:3      | Killed Natasha
  3090 | D:3      | Reached skill level 1 in Poison Magic
  3165 | D:3      | Noticed Natasha
  3175 | D:3      | Killed Natasha
  3426 | D:4      | Learned a level 4 spell: Ice Form
  3567 | D:4      | Reached XP level 7. HP: 43/43 MP: 8/13
  4002 | D:5      | Entered Level 5 of the Dungeon
  4051 | D:5      | Found a glowing drain.
  4058 | Sewer    | Entered a sewer
  5057 | D:5      | Found a staircase to the Ecumenical Temple.
  5081 | Temple   | Entered the Ecumenical Temple
  5119 | Temple   | Became a worshipper of Ashenzari the Shackled
  5335 | D:5      | Reached skill level 5 in Spellcasting
  5335 | D:5      | Reached skill level 5 in Transmutations
  5335 | D:5      | Reached XP level 8. HP: 27/48 MP: 12/15
  5747 | D:5      | You fall into a shaft and drop 2 floors!
  6255 | D:7      | Found Pext's Antique Armour Boutique.
  6426 | D:7      | Found a blossoming altar of Fedhas.
  6611 | D:7      | Reached skill level 6 in Unarmed Combat
  6618 | D:7      | Noticed a red ugly thing
  6632 | D:7      | HP: 1/108 [red ugly thing (18)]
  6635 | D:7      | Killed a red ugly thing
  6636 | D:7      | Reached XP level 9. HP: 2/53 MP: 16/18
  6935 | D:7      | Found Imi Mie's General Store.
  7120 | D:6      | Found a glowing golden altar of the Shining One.
  7122 | D:6      | Found a snail-covered altar of Cheibriados.
  7133 | D:6      | Found an iron altar of Okawaru.
  7133 | D:6      | Found a shimmering altar of Xom.
  7135 | D:6      | Reached skill level 7 in Unarmed Combat
  8126 | D:6      | Reached skill level 8 in Unarmed Combat
  8591 | D:7      | Noticed a manticore
  9060 | D:7      | Identified the +4 ring mail "Xywaecil" {Rampage *Corrode
                  | Int+3 SInv}
  9071 | D:7      | Reached skill level 9 in Unarmed Combat
  9174 | D:7      | Reached XP level 10. HP: 58/58 MP: 18/21
  9372 | D:7      | Found a basalt altar of Yredelemnul.
  9386 | D:7      | Reached * piety under Ashenzari
  9449 | D:7      | Identified the +7 quarterstaff of the Seven Hosts {freeze,
                  | +Blink MP+9}
  9451 | D:7      | Identified the +1 whip "Hellblazer" {protect, rN+ rCorr
                  | Stlth-}
  9762 | D:7      | Killed a manticore
  9977 | D:7      | Found Ogewiumuo's Antique Armour Shoppe.
 10262 | D:8      | Noticed a boulder beetle
 10357 | D:8      | Reached skill level 10 in Unarmed Combat
 10700 | D:8      | Noticed Erica
 10732 | D:8      | Slain by Erica

Illustrated notes

Levels and vault maps discovered:
D:1:      ncdulo_lavacross, layout_basic, hellmonk_ecumenical_altar_heavens_door
D:2:      layout_basic, uniq_terence
D:3:      layout_rooms, minmay_rat_hole, uniq_natasha, uniq_ijyb, uniq_jessica
D:4:      layout_basic
D:5:      layout_loops_ring, minmay_temple_entry_ruins, gup_sewer_entry_bowl,
          kennysheep_decorative_pillar, minmay_a_box_with_orc_wizards_in_it
D:6:      layout_rooms, grunt_temple_overflow_open, kennysheep_generic_room_6
D:7:      minmay_the_grid_plus [minmay_the_grid_aliased_spiral,
          minmay_the_grid_odd_star, minmay_the_grid_small_cups,
          minmay_the_grid_embedded, minmay_the_grid_prize_diamond_cup],
          layout_basic, mainiacjoe_overflow_chevrons, lemuel_round_altar,
          serial_shops, kennysheep_little_box, nicolae_stop_n_shop_2, shop,
          roderic_cross_of_infinity
D:8:      layout_loops_ring, pf_just_have_faith, uniq_erica
Temple:   minmay_freezing_vapour_temple

Skill      XL: |  1  2  3  4  5  6  7  8  9 10 |
---------------+-------------------------------+-----
Unarmed Combat | 4 5 6 9 10 | 10.3
Transmutations | 3 5 6 7 |  7.4
Spellcasting   | 3 4 5 6 7 |  7.2
Poison Magic   | 2 4 |  4.0
Fighting       | |  1.0
Dodging        | |  2.0

Action                   |  1- 3 |  4- 6 |  7- 9 | 10-12 || total
-------------------------+-------+-------+-------+-------++-------
Melee: Unarmed           |    65 |   138 |   351 |    61 ||   615
       Kick              |    21 |    10 |       |       ||    31
       Constrict         |    18 |    17 |    11 |     1 ||    47
       Tentacles         |     8 |     9 |     4 |     1 ||    22
       Punch             |     1 |       |     2 |       ||     3
 Cast: Beastly Appendage |    20 |    13 |     4 |       ||    37
       Spider Form       |     1 |    14 |    20 |     3 ||    38
       Wereblood         |       |     3 |     2 |     1 ||     6
       Ice Form          |       |       |    30 |     5 ||    35
Invok: Curse Item        |       |       |     1 |     2 ||     3
  Use: Scroll            |     2 |     5 |     8 |       ||    15
       Potion            |       |       |     5 |     3 ||     8
 Stab: Sleeping          |     2 |     3 |     1 |       ||     6
Armor: Skin              |    14 |    37 |   102 |    18 ||   171
Dodge: Dodged            |    45 |   101 |   228 |    38 ||   412

Table legend: (Time is in decaauts)
 A = Elapsed time spent in this place.
 B = Non-inter-level travel time spent in this place.
 C = Inter-level travel time spent in this place.
 D = Time resting spent in this place.
 E = Time spent auto-exploring this place.
 F = Levels seen in this place.
 G = Mean time per level.
                   A        B        C        D        E       F      G
               +--------+--------+--------+--------+--------+-----+--------+
         Total |  10690 |  10436 |    254 |   1716 |   6858 |  10 | 1069.0 |
       Dungeon |   9679 |   9429 |    250 |   1420 |   6474 |   8 | 1209.9 |
        Temple |     43 |     39 |      4 |      0 |     32 |   1 |   43.0 |
         Sewer |    967 |    967 |      0 |    296 |    352 |   1 |  967.0 |
               +--------+--------+--------+--------+--------+-----+--------+

Top non-repeatable levels by time:
     D:7: 3118 daAuts
     D:3: 1351 daAuts
     D:5: 1249 daAuts
     D:2: 983 daAuts
   Sewer: 967 daAuts
     D:1: 899 daAuts
     D:6: 869 daAuts
     D:4: 752 daAuts
     D:8: 456 daAuts
  Temple: 43 daAuts
